[Event "TUR-ch Youth U17 2019"]
[Site "Belek"]
[Date "2019.01.20"]
[Round "1"]
[White "Gunduz, Umut Erdem"]
[Black "Erol, Harun Eser"]
[Result "1-0"]
[ECO "C42"]
[WhiteElo "2255"]
[BlackElo "1464"]
[Annotator "ChessBase"]
[PlyCount "35"]
[EventDate "2019.01.20"]
[EventType "swiss"]
[EventCountry "TUR"]
[SourceTitle "playchess.com"]
[Source "ChessBase"]
[SourceQuality "1"]
[TimeControl "5400+30"]

1. e4 e5 2. Nf3 Nf6 3. Nxe5 d6 4. Nf3 Nxe4 5. Nc3 Nf6 6. d4 Bg4 7. Qe2+ Qe7 8. Be3 Nc6 9. O-O-O O-O-O 10. h3 Bd7 11. d5 Ne5 12. Bxa7 Nxf3 13. Qxf3 Re8 14. Bd4 h5 15. Nb5 Qe4 16. Qa3 Bf5 17. Bd3 Qxd5 18. Qa5 1-0

[Event "TUR-ch Youth U17 2019"]
[Site "Belek"]
[Date "2019.01.20"]
[Round "1"]
[White "Aytekin, Murat Eren"]
[Black "Aydemir, Cem"]
[Result "1-0"]
[ECO "D47"]
[WhiteElo "2163"]
[BlackElo "1581"]
[Annotator "ChessBase"]
[PlyCount "69"]
[EventDate "2019.01.20"]
[EventType "swiss"]
[EventCountry "TUR"]
[SourceTitle "playchess.com"]
[Source "ChessBase"]
[SourceQuality "1"]
[TimeControl "5400+30"]

1. d4 d5 2. c4 c6 3. Nf3 e6 4. Nc3 Nf6 5. e3 Nbd7 6. Bd3 dxc4 7. Bxc4 b5 8. Bd3 Bb7 9. O-O Bd6 10. e4 e5 11. d5 b4 12. dxc6 Bxc6 13. Bb5 Qc7 14. Nd5 Bxd5 15. Bxd7+ Kxd7 16. exd5 e4 17. Nd4 Bxh2+ 18. Kh1 h5 19. Qa4+ Kd8 20. Bg5 Bd6 21. Rac1 Qd7 22. Qa6 h4 23. Rc6 Be5 24. Rc4 h3 25. g3 Bxd4 26. Rxd4 Qf5 27. Qd6+ Ke8 28. Qc6+ Ke7 29. d6+ Ke6 30. d7+ Ke7 31. Bxf6+ gxf6 32. Rxe4+ Kf8 33. Qxa8+ Kg7 34. Re8 Qb5 35. Rfe1 1-0

[Event "TUR-ch Youth U17 2019"]
[Site "Belek"]
[Date "2019.01.20"]
[Round "1"]
[White "Kocyigit, Buse Naz"]
[Black "Barutcu, Sevil"]
[Result "1-0"]
[ECO "D00"]
[WhiteElo "2043"]
[BlackElo "1340"]
[Annotator "NA"]
[PlyCount "73"]
[EventDate "2019.01.20"]
[EventType "swiss"]
[EventCountry "TUR"]
[SourceTitle "playchess.com"]
[Source "ChessBase"]
[SourceQuality "1"]
[TimeControl "5400+30"]

1. d4 Nf6 2. Bg5 d5 3. Bxf6 exf6 4. e3 Bd6 5. g3 O-O 6. Bg2 c6 7. Ne2 Be6 8. O-O Nd7 9. Nd2 a5 10. e4 dxe4 11. Nxe4 Bc7 12. b3 f5 13. Nd2 Nf6 14. c4 Re8 15. Nb1 Qd7 16. Nbc3 Rad8 17. Qc1 Qc8 18. Rd1 Bb6 19. c5 Bc7 20. Qb2 Rd7 21. a3 Red8 22. b4 Nd5 23. Na4 Re8 24. b5 cxb5 25. Qxb5 Ree7 26. Rac1 Rd8 27. Nec3 Qb8 28. Nxd5 Bxd5 29. Bxd5 Rxd5 30. Nc3 Rd8 31. d5 Be5 32. d6 Red7 33. Qxa5 Qc8 34. Nb5 Qc6 35. Nd4 Bxd4 36. Rxd4 Rxd6 37. Qxd8+ 1-0

[Event "TUR-ch Youth U17 2019"]
[Site "Belek"]
[Date "2019.01.20"]
[Round "1"]
[White "Sahin, Hayrun Nisa"]
[Black "Hicdurmaz, Simge"]
[Result "1-0"]
[ECO "C48"]
[WhiteElo "1743"]
[BlackElo "1057"]
[Annotator "NA"]
[PlyCount "91"]
[EventDate "2019.01.20"]
[EventType "swiss"]
[EventCountry "TUR"]
[SourceTitle "playchess.com"]
[Source "ChessBase"]
[SourceQuality "1"]
[TimeControl "5400+30"]

1. e4 e5 2. Nf3 Nc6 3. Nc3 Nf6 4. Bb5 a6 5. Bxc6 bxc6 6. Nxe5 Qe7 7. d4 Qe6 8. O-O Bb4 9. Nd3 Bxc3 10. bxc3 O-O 11. f3 Qc4 12. Qe1 d6 13. a4 a5 14. Nb2 Qe6 15. c4 Ba6 16. Qc3 d5 17. e5 Nd7 18. cxd5 Qxd5 19. Nd3 Bxd3 20. cxd3 Rfb8 21. Ra3 Rb4 22. Be3 Rab8 23. Rc1 R8b6 24. Qc2 Rb2 25. Qc4 Rb1 26. Rac3 Qxc4 27. Rxc4 Rxc1+ 28. Rxc1 Nb8 29. Bd2 Rb7 30. Rc5 Ra7 31. Kf2 Kf8 32. Rxa5 Rxa5 33. Bxa5 Na6 34. Ke3 Ke7 35. Ke4 Ke6 36. f4 g6 37. g4 c5 38. f5+ Kd7 39. Bc3 c6 40. d5 gxf5+ 41. gxf5 Nc7 42. e6+ fxe6 43. dxe6+ Ke7 44. Ke5 Nd5 45. Bd2 Nb6 46. a5 1-0

[Event "TUR-ch Youth U17 2019"]
[Site "Belek"]
[Date "2019.01.20"]
[Round "1"]
[White "Giray, Canberk"]
[Black "Acar, Utku Cengiz"]
[Result "0-1"]
[ECO "B22"]
[WhiteElo "1467"]
[BlackElo "2078"]
[Annotator "NA"]
[PlyCount "82"]
[EventDate "2019.01.20"]
[EventType "swiss"]
[EventCountry "TUR"]
[SourceTitle "playchess.com"]
[Source "ChessBase"]
[SourceQuality "1"]
[TimeControl "5400+30"]

1. e4 c5 2. c3 Nf6 3. e5 Nd5 4. d4 cxd4 5. Nf3 e6 6. cxd4 d6 7. a3 Nc6 8. Bd3 dxe5 9. dxe5 g6 10. O-O Bg7 11. Re1 O-O 12. b4 a6 13. Qb3 b5 14. Bb2 Nb6 15. Nbd2 Na4 16. Be4 Bb7 17. Rac1 Nxb2 18. Qxb2 Qb6 19. Nb3 Ne7 20. Bxb7 Qxb7 21. Nc5 Qa7 22. Qe2 Nd5 23. g3 Rfc8 24. Nd2 a5 25. Qxb5 axb4 26. axb4 Rab8 27. Qa6 Qxa6 28. Nxa6 Rxc1 29. Rxc1 Ra8 30. b5 Bxe5 31. Nf3 Bf6 32. Kf1 Nc3 33. Nc7 Ra2 34. Ne8 Bh8 35. Ne1 Kf8 36. Nd6 Ke7 37. Nc4 Nxb5 38. Rc2 Ra1 39. Ne3 Bc3 40. N3g2 Ba5 41. f4 Nd4 0-1

[Event "TUR-ch Youth U17 2019"]
[Site "Belek"]
[Date "2019.01.20"]
[Round "1"]
[White "Soyumez, Ilayda"]
[Black "Catal, Uktenur"]
[Result "0-1"]
[ECO "E17"]
[WhiteElo "1404"]
[BlackElo "1854"]
[Annotator "NA"]
[PlyCount "72"]
[EventDate "2019.01.20"]
[EventType "swiss"]
[EventCountry "TUR"]
[SourceTitle "playchess.com"]
[Source "ChessBase"]
[SourceQuality "1"]
[TimeControl "5400+30"]

1. d4 e6 2. c4 Nf6 3. Nf3 b6 4. g3 Bb7 5. Bg2 Be7 6. O-O O-O 7. Nbd2 d5 8. Ne5 Nbd7 9. b3 Nxe5 10. dxe5 Nd7 11. Bb2 c5 12. cxd5 exd5 13. e3 Qc7 14. e6 fxe6 15. Qg4 Bf6 16. Qxe6+ Kh8 17. Rab1 Rae8 18. Qg4 Ba6 19. Bxf6 Nxf6 20. Qg5 Bxf1 21. Rxf1 Qe5 22. Qxe5 Rxe5 23. Rd1 g6 24. Nf3 Re7 25. Ne1 Rd8 26. Nc2 d4 27. exd4 Re2 28. Ne3 Rxd4 29. Rxd4 cxd4 30. Nc4 Rxa2 31. Bc6 d3 32. Bf3 b5 33. Ne3 Rb2 34. Bd1 Ne4 35. Kf1 Rxf2+ 36. Ke1 d2# 0-1

[Event "TUR-ch Youth U17 2019"]
[Site "Belek"]
[Date "2019.01.20"]
[Round "1"]
[White "Altay, Servet Hakan"]
[Black "Cansun, Can Alp"]
[Result "0-1"]
[ECO "B48"]
[WhiteElo "1361"]
[BlackElo "2174"]
[Annotator "ChessBase"]
[PlyCount "66"]
[EventDate "2019.01.20"]
[EventType "swiss"]
[EventCountry "TUR"]
[SourceTitle "playchess.com"]
[Source "ChessBase"]
[SourceQuality "1"]
[TimeControl "5400+30"]

1. e4 c5 2. Nf3 e6 3. d4 cxd4 4. Nxd4 a6 5. Be3 Nf6 6. f3 Qc7 7. Qd2 Nc6 8. Nc3 b5 9. Be2 Bb7 10. a3 Ne5 11. g4 h6 12. Bf4 b4 13. axb4 Bxb4 14. Ra4 Bc5 15. Bxe5 Qxe5 16. Nb3 Ba7 17. Na5 Bc6 18. Nxc6 dxc6 19. Bxa6 O-O 20. f4 Qc5 21. h3 Rfd8 22. Qe2 Rab8 23. Bd3 Rxb2 24. Kd2 Qb6 25. Rb1 Rxb1 26. Nxb1 Qxb1 27. Rxa7 Qb4+ 28. Kc1 c5 29. Ra2 Qd4 30. Kb1 Rb8+ 31. Kc1 c4 32. Bxc4 Nxe4 33. c3 Qxc3+ 0-1

[Event "TUR-ch Youth U17 2019"]
[Site "Belek"]
[Date "2019.01.20"]
[Round "1"]
[White "Catalkaya, Emine Damla"]
[Black "Sen, Irem"]
[Result "0-1"]
[ECO "D11"]
[WhiteElo "1063"]
[BlackElo "1765"]
[Annotator "NA"]
[PlyCount "54"]
[EventDate "2019.01.20"]
[EventType "swiss"]
[EventCountry "TUR"]
[SourceTitle "playchess.com"]
[Source "ChessBase"]
[SourceQuality "1"]
[TimeControl "5400+30"]

1. Nf3 d5 2. d4 Nf6 3. g3 c6 4. Bg2 Bf5 5. Nbd2 h6 6. b3 e6 7. O-O Bd6 8. c4 O-O 9. Bb2 Nbd7 10. Rc1 Bh7 11. Re1 Re8 12. c5 Bc7 13. Nb1 Ne4 14. Nc3 e5 15. Nxe4 dxe4 16. Nd2 exd4 17. Bxd4 Qe7 18. Rc4 f5 19. Qc1 Rad8 20. Rb4 b5 21. cxb6 Qxb4 22. bxc7 Rc8 23. Qc4+ Qxc4 24. Nxc4 Rxc7 25. Rc1 c5 26. Nd6 Re6 27. Nb5 Rb7 0-1

[Event "TUR-ch Youth U17 2019"]
[Site "Belek"]
[Date "2019.01.21"]
[Round "2"]
[White "Cansun, Can Alp"]
[Black "Nukan, Baris Tuna"]
[Result "1-0"]
[ECO "A90"]
[WhiteElo "2174"]
[BlackElo "1710"]
[Annotator "NA"]
[PlyCount "97"]
[EventDate "2019.01.20"]
[EventType "swiss"]
[EventCountry "TUR"]
[SourceTitle "playchess.com"]
[Source "ChessBase"]
[SourceQuality "1"]
[TimeControl "5400+30"]

1. d4 f5 2. g3 Nf6 3. Bg2 e6 4. c4 d5 5. Nf3 c6 6. O-O Bd6 7. b3 Qe7 8. Bb2 O-O 9. Qc1 Nbd7 10. Ba3 Ne4 11. Bxd6 {[%emt 0:00:30] LiveBook: 4 Games} Qxd6 12. Qa3 {[%emt 0:04:30] A90: Dutch Defence: Miscellaneous and Modern Stonewall (with ...Bd6)} (12. Nbd2 b6 13. Qb2 Bb7 14. Rac1 Rac8 15. Rfd1 Rfd8 16. e3 Qe7 17. Ne1 Ba8 18. Nd3 Qd6 19. b4 Qe7 {0-1 (67) Ivanchuk,V (2711)-Radjabov,T (2610) Moscow 2002}) 12... b6 13. Rc1 $146 ({Predecessor:} 13. Qxd6 Nxd6 14. Nbd2 Bb7 15. Rac1 Rfe8 16. e3 Rac8 17. Rfd1 Nf7 18. Ne1 g5 19. Nd3 Kg7 {½-½ (48) Praveen Kumar,C (2338)-Negi,V (2062) New Delhi 2012}) 13... c5 14. Nc3 (14. Rc3 ) (14. e3 $11 {keeps the balance.}) 14... Nxc3 15. Rxc3 Bb7 16. cxd5 Bxd5 17. Rd1 Qb8 18. Ng5 Bxg2 19. Kxg2 Qb7+ 20. Kg1 Rfe8 21. Re3 Qc6 22. Rxe6 Qd5 23. Rxe8+ Rxe8 24. Qb2 f4 25. gxf4 Qf5 26. dxc5 Qxf4 27. Qd2 ({Don't do} 27. Rxd7 $6 Qg4+ {[%mdl 64] Double Attack} 28. Kf1 Qxd7 $14) 27... Qxd2 28. Rxd2 Nxc5 29. b4 Ne4 30. Nxe4 Rxe4 31. Rd8+ Kf7 32. Rd7+ Kf6 33. e3 Rxb4 34. Rxa7 h5 35. Kg2 g5 36. h3 Rb2 37. Kf3 Kf5 $14 38. Ra3 g4+ 39. hxg4+ hxg4+ 40. Kg3 b5 41. Rb3 Rxb3 42. axb3 b4 43. Kh4 Ke4 44. Kxg4 Kd3 45. f4 Kc3 46. f5 Kxb3 47. f6 Kc2 48. f7 b3 49. f8=Q 1-0

[Event "TUR-ch Youth U17 2019"]
[Site "Belek"]
[Date "2019.01.21"]
[Round "2"]
[White "Acar, Utku Cengiz"]
[Black "Taskin, Arda"]
[Result "1-0"]
[ECO "E90"]
[WhiteElo "2078"]
[BlackElo "1693"]
[Annotator "NA RC"]
[PlyCount "69"]
[EventDate "2019.01.20"]
[EventType "swiss"]
[EventCountry "TUR"]
[SourceTitle "playchess.com"]
[Source "ChessBase"]
[SourceQuality "1"]
[TimeControl "5400+30"]

1. Nf3 Nf6 2. c4 g6 3. Nc3 Bg7 4. e4 d6 5. d4 O-O 6. h3 c5 7. Be3 Nfd7 {[%emt 0:11:30] E90: King's Indian: Classical: Early deviations and 6 h3} (7... cxd4 8. Nxd4 Nc6 9. Be2 Bd7 10. O-O Nxd4 11. Bxd4 Bc6 12. Qc2 a5 13. Rad1 Nd7 14. Bxg7 Kxg7 15. Bg4 Ne5 16. c5 Nxg4 17. hxg4 Qc8 18. cxd6 Qxg4 19. dxe7 Rfe8 {1-0 (43) Cheparinov,I (2711)-Amin,B (2709) Zagreb 2018}) 8. d5 f5 $146 ({Predecessor:} 8... Na6 9. a3 Nc7 10. Bd3 a6 11. Qc2 Rb8 12. O-O b5 13. cxb5 axb5 14. b4 Ba6 15. Bf4 {0-1 (27) Ortega Farrus,A (1704)-Llopis Jordan,L (1936) Barcelona 2015}) 9. exf5 gxf5 10. Ng5 Nf6 11. Bd3 Bd7 12. Ne6 $2 (12. O-O $18) 12... Bxe6 $1 13. dxe6 Na6 14. Bxf5 Nc7 15. O-O a6 16. a4 Rb8 17. Qd3 Qe8 18. a5 b5 19. axb6 Rxb6 20. Bc1 Qc8 21. Nd5 Ncxd5 22. cxd5 c4 23. Qg3 Rb3 24. Qh4 c3 25. bxc3 Rxc3 26. Bb2 Rc4 27. g4 h6 28. Bxf6 Rxf6 29. Qh5 $16 Rc5 30. Rfb1 Kh8 31. Rb3 Rxd5 32. Rab1 Rb5 33. Rxb5 axb5 34. Rxb5 Kg8 35. Qf7+ 1-0

[Event "TUR-ch Youth U17 2019"]
[Site "Belek"]
[Date "2019.01.21"]
[Round "2"]
[White "Catal, Uktenur"]
[Black "Esti, Kubra Selenay"]
[Result "1-0"]
[ECO "D07"]
[WhiteElo "1854"]
[BlackElo "1662"]
[Annotator "NA RC"]
[PlyCount "55"]
[EventDate "2019.01.20"]
[EventType "swiss"]
[EventCountry "TUR"]
[SourceTitle "playchess.com"]
[Source "ChessBase"]
[SourceQuality "1"]
[TimeControl "5400+30"]

1. d4 d5 2. c4 Nc6 3. cxd5 Qxd5 4. e3 e5 5. Nc3 Bb4 6. Bd2 Bxc3 7. bxc3 Nf6 8. f3 Qd6 9. Bd3 Ne7 {[%emt 0:03:30] D07: Queen's Gambit: Chigorin Defence} 10. Ne2 O-O 11. e4 Ng6 12. O-O c5 13. f4 cxd4 $146 ({Predecessor:} 13... exf4 14. e5 Nxe5 15. Bxf4 c4 16. Bxe5 {1-0 (16) Campos Moreno,J (2486)-Martinez Gutierrez,B (2035) Spain 2003}) 14. cxd4 Bg4 $2 (14... Nd7 $16 {keeps fighting.}) 15. fxe5 {[%emt 0:04:30] Discovered Attack (Double check)} Bxe2 16. exd6 Bxd1 17. Rfxd1 Rfc8 18. Rac1 Nf8 19. e5 N6d7 20. Be4 Rab8 21. Rxc8 Rxc8 22. Bxb7 Rc2 23. Bd5 Ne6 24. Bb3 Rc8 25. d5 Nd4 26. e6 fxe6 27. dxe6 Nc5 28. d7 1-0

[Event "TUR-ch Youth U17 2019"]
[Site "Belek"]
[Date "2019.01.21"]
[Round "2"]
[White "Sen, Irem"]
[Black "Aslan, Lina"]
[Result "1-0"]
[ECO "D11"]
[WhiteElo "1765"]
[BlackElo "1498"]
[Annotator "NA"]
[PlyCount "99"]
[EventDate "2019.01.20"]
[EventType "swiss"]
[EventCountry "TUR"]
[SourceTitle "playchess.com"]
[Source "ChessBase"]
[SourceQuality "1"]
[TimeControl "5400+30"]

1. d4 d5 2. Nf3 Nf6 3. c4 c6 4. Nbd2 Bf5 5. Nh4 Be4 6. f3 Bg6 7. Qb3 Qb6 8. Qxb6 axb6 9. Nxg6 hxg6 10. e4 e6 11. Bd3 Na6 12. O-O Nb4 13. Bb1 c5 14. cxd5 exd5 15. exd5 Nfxd5 16. dxc5 bxc5 17. Re1+ Be7 18. Nc4 O-O 19. Be4 Rfd8 20. a3 Bf6 21. Bd2 Bd4+ 22. Kh1 f5 23. axb4 fxe4 24. Rxa8 Rxa8 25. fxe4 Nxb4 26. Bxb4 cxb4 27. b3 Bc3 28. Rd1 Re8 29. Nd6 Re7 30. g3 Be5 31. Nc4 b5 32. Nxe5 Rxe5 33. Rd4 Kf7 34. Rxb4 Ke6 35. Rd4 Rc5 36. Kg2 Rc2+ 37. Kh3 Rc3 38. Rb4 Rc5 39. Kg4 Re5 40. Rd4 Rh5 41. h4 Re5 42. Kf4 g5+ 43. hxg5 g6 44. Rd8 Rc5 45. Rb8 Kf7 46. b4 Rc1 47. Rxb5 Rf1+ 48. Ke5 Rg1 49. Rb7+ Kf8 50. Kf6 1-0

[Event "TUR-ch Youth U17 2019"]
[Site "Belek"]
[Date "2019.01.21"]
[Round "2"]
[White "Kargaci, Humeyra"]
[Black "Kocyigit, Buse Naz"]
[Result "0-1"]
[ECO "A16"]
[WhiteElo "1740"]
[BlackElo "2043"]
[Annotator "NA"]
[PlyCount "118"]
[EventDate "2019.01.20"]
[EventType "swiss"]
[EventCountry "TUR"]
[SourceTitle "playchess.com"]
[Source "ChessBase"]
[SourceQuality "1"]
[TimeControl "5400+30"]

1. c4 Nf6 2. Nc3 d5 3. g3 {[%emt 0:00:30] A16: English Opening: 1...Nf6 with ...d5} (3. cxd5 Nxd5 4. Nf3 g6 5. Qb3 Nb6 6. d4 Bg7 7. Bf4 Be6 8. Qa3 O-O 9. e3 N8d7 10. Rd1 c6 11. Ng5 Bf5 12. e4 Bg4 13. Be2 Bxe2 14. Nxe2 Qe8 {1-0 (32) Duda,J (2739)-Ivanchuk,V (2710) Batumi 2018}) 3... d4 4. Nb1 c5 5. d3 Nc6 6. Bg2 Qc7 $146 ({Predecessor:} 6... e5 7. Nd2 Bd6 8. Ne4 Nxe4 9. Bxe4 O-O 10. Bg2 f5 {½-½ (54) Csavajda,P (1956)-Banszegi,A (2034) Hungary 2018}) 7. Nf3 e5 8. Nbd2 Be7 9. O-O O-O 10. Re1 Ne8 11. e4 dxe3 12. Rxe3 f5 13. b3 Bf6 14. Rb1 Nd6 15. Ba3 Qa5 16. Bb2 Nf7 17. a3 Qd8 18. Qc2 (18. b4 $5) 18... g5 19. h3 h5 20. Ree1 Be6 21. Nh2 ({Better is} 21. h4 $11 gxh4 22. Nxh4) 21... Qd6 22. Rbd1 Rad8 23. Nb1 Nd4 24. Bxd4 Qxd4 25. Nc3 g4 (25... Qd7 $11 {remains equal.}) 26. Bd5 e4 27. Ne2 Qe5 28. dxe4 Ng5 29. Bxe6+ Qxe6 30. Nf4 Rxd1 31. Qxd1 Qf7 32. e5 Rd8 33. Qe2 Ne4 34. exf6 $18 Rd2 35. Qe3 Qxf6 36. Nd5 Qb2 37. Rf1 Re2 38. Qf4 Nd2 39. Qg5+ Kf7 40. Qxf5+ Kg7 41. Qg5+ Kf8 42. Qf6+ Qxf6 43. Nxf6 Nxf1 44. Kxf1 Rb2 45. hxg4 hxg4 46. Nd7+ Ke7 47. Nxc5 b6 48. Ne4 Rxb3 49. Nxg4 Rxa3 50. Ne3 Rb3 51. Ke2 Ke6 52. Nd2 Ra3 53. Nf3 Ra2+ 54. Nd2 Kd6 55. Kd3 Ra1 56. Ne4+ Kc6 57. Nc2 Rd1+ 58. Ke2 Rd8 59. Nb4+ Kb7 0-1

[Event "TUR-ch Youth U17 2019"]
[Site "Belek"]
[Date "2019.01.21"]
[Round "2"]
[White "Akti, Ezgi"]
[Black "Sahin, Hayrun Nisa"]
[Result "1/2-1/2"]
[ECO "B71"]
[WhiteElo "1713"]
[BlackElo "1743"]
[Annotator "NA RC"]
[PlyCount "123"]
[EventDate "2019.01.20"]
[EventType "swiss"]
[EventCountry "TUR"]
[SourceTitle "playchess.com"]
[Source "ChessBase"]
[SourceQuality "1"]
[TimeControl "5400+30"]

1. e4 c5 2. Nf3 d6 3. d4 cxd4 4. Nxd4 Nf6 5. Nc3 g6 6. f4 Nc6 7. Nxc6 bxc6 8. e5 Nd7 9. exd6 exd6 10. Be3 Nf6 11. Qd2 Bg7 12. O-O-O d5 13. Bc5 Be6 14. Be2 Rb8 15. Bf3 Qa5 16. Qe3 Nd7 17. Bd4 O-O 18. Bxg7 Kxg7 19. g4 Qb6 20. Qxb6 Rxb6 21. Rhg1 f5 22. g5 Nc5 23. Ne2 Bf7 24. Nd4 Na4 25. Nb3 Rb4 26. Rd4 Rxd4 27. Nxd4 Rb8 28. b3 Rb4 29. Ne2 Nc5 30. c3 Rb8 31. b4 Ne6 32. Rd1 Kf8 33. Kc2 Ke7 34. a3 Rb6 35. Re1 Kd6 36. Rd1 Ke7 37. Kd2 Ra6 38. Ra1 c5 39. b5 Rd6 40. Re1 Be8 41. a4 a6 42. bxa6 Rxa6 43. Bxd5 Rd6 44. c4 Bc6 45. Nc3 Bd7 46. Kc2 Kd8 47. Bxe6 Bxe6 48. Nb5 Ra6 49. Kb3 Kd7 50. Re5 Bxc4+ 51. Kxc4 Rxa4+ 52. Kxc5 Rxf4 53. Rd5+ Ke7 54. Rd4 Rf2 55. Rh4 Rg2 56. Rxh7+ Ke6 57. Nd4+ Ke5 58. Re7+ Kf4 59. Ne6+ Kg4 60. h3+ Kg3 61. Kd4 Re2 62. Re8 1/2-1/2

[Event "TUR-ch Youth U17 2019"]
[Site "Belek"]
[Date "2019.01.21"]
[Round "2"]
[White "Ozcan, Berk"]
[Black "Gunduz, Umut Erdem"]
[Result "0-1"]
[ECO "C88"]
[WhiteElo "1709"]
[BlackElo "2255"]
[Annotator "NA"]
[PlyCount "108"]
[EventDate "2019.01.20"]
[EventType "swiss"]
[EventCountry "TUR"]
[SourceTitle "playchess.com"]
[Source "ChessBase"]
[SourceQuality "1"]
[TimeControl "5400+30"]

1. e4 e5 2. Nf3 Nc6 3. Bb5 a6 4. Ba4 Nf6 5. O-O Be7 6. Re1 b5 7. Bb3 O-O 8. h3 Bb7 9. d3 d5 {[%emt 0:00:30] C88: Closed Ruy Lopez: Anti-Marshall Systems} 10. exd5 Nxd5 11. Nxe5 (11. a4 Nd4 12. Nxd4 exd4 13. axb5 axb5 14. Rxa8 Bxa8 15. Na3 Bb4 16. Bd2 Bxd2 17. Qxd2 {1-0 (85) Wei,Y (2735)-Inarkiev,E (2690) Magas 2018}) 11... Nd4 12. Nc3 Nb4 13. Ne4 Nxb3 14. axb3 {[%emt 0:00:30] LiveBook: 12 Games} f6 15. Nf3 f5 16. Neg5 {[%emt 0:06:30] [#]} Rf6 $146 ({Predecessor:} 16... Bxg5 $1 $11 {keeps the balance.} 17. Nxg5 {½-½ (25) Pikula,D (2547)-Brenjo,S (2522) Vrnjacka Banja 2010} Qd5) 17. Qe2 (17. d4 $16) 17... Bd6 18. Nd4 Qd7 19. c3 Nd5 (19... c5 $15) 20. b4 Nxb4 21. cxb4 $14 {[%emt 0:20:02] stays ahead.} (21. Nc2 $2 ) 21... Bxb4 22. Nc2 Bxe1 23. Nxe1 Re8 24. Qd1 Qd5 25. Ngf3 Rfe6 26. Be3 f4 27. Bxf4 Rxe1+ 28. Qxe1 Rxe1+ 29. Rxe1 h6 30. d4 Qf7 31. Bg3 Bxf3 32. gxf3 c6 33. Be5 Qxf3 34. Re3 Qd1+ 35. Kg2 a5 36. Rc3 Qb1 37. b3 a4 38. bxa4 bxa4 39. Ra3 Qb4 40. Rg3 Qf8 41. Rg6 a3 42. Rxc6 Qa8 43. d5 Qd8 44. Rd6 Qg5+ {[%emt 0:00:00] Double Attack} 45. Bg3 a2 46. h4 {[%emt 0:00:09] [#]} Qf6 $1 47. Rxf6 gxf6 48. d6 a1=Q 49. Bf4 h5 50. Kg3 Kf7 51. Kf3 $19 Ke6 52. Bg3 Qd4 53. Kg2 f5 54. Kf3 Qe4# 0-1

[Event "TUR-ch Youth U17 2019"]
[Site "Belek"]
[Date "2019.01.21"]
[Round "3"]
[White "Gunduz, Umut Erdem"]
[Black "Guncan, Berke"]
[Result "1/2-1/2"]
[ECO "B01"]
[WhiteElo "2255"]
[BlackElo "2016"]
[Annotator "NA"]
[PlyCount "47"]
[EventDate "2019.01.20"]
[EventType "swiss"]
[EventCountry "TUR"]
[SourceTitle "playchess.com"]
[Source "ChessBase"]
[SourceQuality "1"]
[TimeControl "5400+30"]

1. e4 d5 2. exd5 Qxd5 3. Nc3 Qd6 4. d4 Nf6 5. Nf3 a6 6. Ne5 ({Better is} 6. Bd3 $14) 6... c5 {[%emt 0:07:30] B01: Scandinavian Defence} (6... Nc6 $11 {remains equal.}) 7. Nc4 Qe6+ {[%emt 0:05:30] [#]} 8. Be3 $1 cxd4 9. Qxd4 Nbd7 $146 ({Predecessor:} 9... Nc6 10. Qd2 Bd7 11. O-O-O Rd8 12. Bb6 g6 13. Bxd8 Nxd8 14. Kb1 {1-0 (25) Stellwagen,D (2561)-Werner,D (2376) Germany 2006}) 10. O-O-O g6 11. Qd2 Bg7 12. Nb6 Rb8 13. Bc4 Qc6 ({Better is} 13... Qd6 $18) 14. Ncd5 Nxd5 15. Bxd5 ({Don't take} 15. Qxd5 $6 Qxd5 16. Nxd5 b5 $16) 15... Qf6 16. c3 O-O ({But not} 16... Nxb6 $2 {[#]} 17. Bc6+ $1 Bd7 18. Bxd7+ Kf8 19. Bb5 $1 $18 ) 17. Nxd7 Bxd7 18. Bxf7+ Qxf7 19. Qxd7 $11 Qxa2 20. Qxe7 Rf7 21. Qe4 Rc8 22. Qb1 Qa5 23. Rd3 b5 24. Kd1 1/2-1/2

[Event "TUR-ch Youth U17 2019"]
[Site "Belek"]
[Date "2019.01.21"]
[Round "3"]
[White "Aytekin, Murat Eren"]
[Black "Sekerci, Berkin"]
[Result "1-0"]
[ECO "D85"]
[WhiteElo "2163"]
[BlackElo "1791"]
[Annotator "NA"]
[PlyCount "89"]
[EventDate "2019.01.20"]
[EventType "swiss"]
[EventCountry "TUR"]
[SourceTitle "playchess.com"]
[Source "ChessBase"]
[SourceQuality "1"]
[TimeControl "5400+30"]

1. d4 Nf6 2. c4 g6 3. Nc3 d5 4. cxd5 Nxd5 5. e4 Nxc3 6. bxc3 Bg7 7. Nf3 c5 8. Rb1 cxd4 9. cxd4 Nc6 {[%emt 0:03:30] D85: Exchange Grünfeld: Unusual White 7th moves and lines with 7 Nf3} (9... O-O 10. Be2 Qa5+ 11. Qd2 Qxd2+ 12. Bxd2 b6 13. O-O Bb7 14. d5 Na6 15. Rfc1 Rac8 16. Be3 Rfd8 17. Nd4 Nc5 18. Bg4 f5 19. exf5 Bxd4 20. Bxd4 Rxd5 21. Be3 gxf5 22. Bf3 Ne4 23. Rxc8+ Bxc8 24. Rc1 Be6 25. Rc7 Rd7 26. Rxd7 Bxd7 27. Bxe4 fxe4 {½-½ (27) Diu,V (2426)-Nguyen,V (2335) Hanoi 2018}) 10. d5 Ne5 11. Nxe5 Bxe5 12. Bb5+ Bd7 13. O-O Bg7 $146 ({Predecessor:} 13... O-O 14. Be2 b6 15. Be3 e6 16. f4 Bg7 17. Bf3 exd5 18. exd5 {1-0 (68) Yu,K (1960)-Saif,M (1621) Al Ain 2013}) 14. Qa4 b6 15. Ba3 Bxb5 16. Qxb5+ Qd7 17. Qb4 O-O (17... Be5 $1 $14) 18. Qxe7 Qxe7 19. Bxe7 Rfe8 20. d6 Bf8 21. Bxf8 Kxf8 22. Rfe1 Re6 23. Rbd1 f6 24. f4 Ke8 25. e5 Kd7 {[%emt 0:04:30] [#]} 26. Rc1 $1 fxe5 27. fxe5 Rae8 28. Rc7+ Kd8 29. Rxh7 Rxe5 30. Rxe5 Rxe5 31. Rxa7 Re6 32. d7 Rd6 33. Kf2 b5 34. Kf3 b4 35. h4 b3 36. axb3 Rd3+ 37. Kf4 Rxb3 38. g4 Rh3 39. Kg5 Rg3 40. Ra6 Kxd7 41. Rxg6 Ke7 42. h5 Kf7 43. Kh6 Rg1 44. g5 Rh1 45. Ra6 1-0